Cogmind - Beta 13 *** ADVENTURER MODE // 2024.04.28 @ 21:56:27 // Winter2022/Polymind Player: Big Tortoise Result: Destroyed by H-71 Marshal with Heavy Mass Driver Performance ------------- Evolutions (6) 3000 Regions Visited (12) 2400 Robots Destroyed (33) 165 Value Destroyed (1160) 1160 Prototype IDs (3) 60 Alien Tech Used (0) 0 Bonus (5570) 5570 TOTAL SCORE: 12065 Bonus ------- Polymind Skill 4325 Pacifist 200 High Alert Combat Kills 45 Entered DSFs 1000 Cogmind --------- Core Integrity 0/1150 Matter 0/0 Energy 99/100 System Corruption 3% Temperature Cool (0) Movement Core (50) Location -4/Factory Parts ------- > --- POWER (1) -------- (None) > --- PROPULSION (2) --- (None) > --- UTILITY (0) ------ (None) > --- WEAPON (1) ------- (None) > --- INVENTORY (0) ---- (None) Peak State ------------ > --- POWER ------------ Improved Ion Engine > --- PROPULSION ------- Medium Treads Medium Treads > --- UTILITY ---------- Large Storage Unit Advanced Weight Redist. System Transport Network Coupler > --- WEAPON ----------- (None) > --- INVENTORY -------- Thermal Generator Thermal Generator Hardened Medium Armor Plating Hardened Medium Armor Plating Hardened Medium Armor Plating Heavy Flak Cannon Heavy Flak Cannon Heavy Flak Cannon Heavy Flak Cannon [Rating: 18] Favorites ----------- Power Light Ion Engine Engine Light Ion Engine Power Core Light Nuclear Core Propulsion Wheel Treads Medium Treads Leg Aluminum Leg Wheel Wheel Hover Unit Hover Unit Flight Unit VTOL Module Utility Small Matter Pod Device Heat Sink Storage Small Matter Pod Processor Transport Network Coupler Hackware Hacking Suite Protection Light Armor Plating Weapon Particle Gun Energy Gun Particle Gun Ballistic Gun Heavy Assault Rifle Special Melee Weapon Datajack Build | -11 -10 -9 -9 -8 -7 -7 -6 -6 -6 -5 -5 -4 ------- Run | Yrd Mat Mat Min Mat Fac DSF Fac Ext Cet Fac DSF Fac Slots Evolved . | . . . . . . . . . . . . . Power . | . . . . . . . . . . . . . Propulsion . | . . . . . . . . . . . . . Utility . | . . . . . . . . . . . . . Weapon . | . . . . . . . . . . . . . Parts Attached . | . . . . . . . . . . . . . Power . | . . . . . . . . . . . . . Engine . | . . . . . . . . . . . . . Core . | . . . . . . . . . . . . . Reactor . | . . . . . . . . . . . . . Propulsion . | . . . . . . . . . . . . . Treads . | . . . . . . . . . . . . . Leg . | . . . . . . . . . . . . . Wheel . | . . . . . . . . . . . . . Hover . | . . . . . . . . . . . . . Flight . | . . . . . . . . . . . . . Utility . | . . . . . . . . . . . . . Device . | . . . . . . . . . . . . . Storage . | . . . . . . . . . . . . . Processor . | . . . . . . . . . . . . . Hackware . | . . . . . . . . . . . . . Protection . | . . . . . . . . . . . . . Artifact . | . . . . . . . . . . . . . Weapon . | . . . . . . . . . . . . . Energy Gun . | . . . . . . . . . . . . . Energy Cannon . | . . . . . . . . . . . . . Ballistic Gun . | . . . . . . . . . . . . . Ballistic Cannon . | . . . . . . . . . . . . . Launcher . | . . . . . . . . . . . . . Special Weapon . | . . . . . . . . . . . . . Impact Weapon . | . . . . . . . . . . . . . Slashing Weapon . | . . . . . . . . . . . . . Piercing Weapon . | . . . . . . . . . . . . . Special Melee Weapon . | . . . . . . . . . . . . . Unidentified Prototypes . | . . . . . . . . . . . . . Parts Lost 20 | . . 1 1 5 . . 4 1 1 . . 7 Power 3 | . . . . . . . 1 . . . . 2 Propulsion 8 | . . 1 1 1 . . 2 . . . . 3 Utility 5 | . . . . 2 . . . 1 1 . . 1 Weapon 4 | . . . . 2 . . 1 . . . . 1 Highest Loss Streak 4 | . . 1 1 3 . . 4 1 1 . . 4 To Critical Strikes 1 | . . . . . . . . . 1 . . . Average Slot Usage (%) 77 | . 100 93 68 96 86 80 81 67 96 81 80 33 Engine 12 | . 20 18 24 9 10 20 17 9 16 18 20 2 Core 3 | . . . . 7 9 . . . . . . 5 Treads 6 | . . 3 . 9 . . . 20 33 13 . . Leg 6 | . . 20 . 14 18 . . . . . . . Wheel 12 | . 40 11 4 8 20 40 12 . . 23 40 5 Hover 2 | . . . . 1 . . 21 . . . . . Flight 2 | . . 1 15 . . . . . . . . 11 Device 7 | . 20 17 . 16 9 . . 9 12 . . . Storage 8 | . 20 7 2 4 10 20 6 9 16 18 20 2 Processor 2 | . . 1 . 1 . . . 9 16 6 . . Hackware 1 | . . . . . . . 14 6 . . . . Energy Gun 5 | . . 10 . 15 9 . . . . . . . Ballistic Gun 3 | . . 1 22 4 . . . . . . . 6 Naked Turns 306 | . . 14 . 14 10 . . 15 . . . 253 Heaviest Build 27 | 9 9 15 4 18 9 4 4 27 27 27 4 8 Greatest Support 65 | 32 32 46 20 40 20 20 20 65 65 56 20 20 Greatest Overweight (x) 1 | . . . 1 . . . . . . . . . Average Overweight (x) . | . . . . . . . . . . . . . Largest Inventory Capacity 10 | 4 4 6 1 1 1 1 1 10 10 10 1 1 Average Capacity 2 | 3 4 2 . . . 1 1 6 10 4 1 . Most Carried 10 | 2 4 6 . . 1 1 1 9 9 10 1 1 Average Carried 1 | . 2 1 . . . . . 5 9 4 . . Final Capacity 10 | 4 4 . 1 1 1 1 1 10 10 1 1 . Final Carried 9 | 2 4 . . . 1 1 . 9 9 . 1 . Class Distribution -------------------- 24% | Worker 17% | Grunt 13% | Hauler 13% | Cogmind 8% | Swarmer 8% | Operator 7% | Sentry 6% | Recycler Dominant Class ---------------- Recycler | -10/Materials Grunt | -9/Materials Swarmer | -9/Mines Grunt | -8/Materials Worker | -7/Factory Worker | -7/DSF Operator | -6/Factory Hauler | -6/Extension Hauler | -6/Cetus Worker | -5/Factory Worker | -5/DSF Cogmind | -4/Factory Resources | -11 -10 -9 -9 -8 -7 -7 -6 -6 -6 -5 -5 -4 ----------- Run | Yrd Mat Mat Min Mat Fac DSF Fac Ext Cet Fac DSF Fac Matter Collected 144 | . . . 12 72 . . . . . . . 60 Remotely . | . . . . . . . . . . . . . Salvage Created 1211 | . . 128 44 848 . . . . . . . 191 Parts 72 | . . 11 11 41 . . . . . . . 9 Haulers Intercepted . | . . . . . . . . . . . . . Recyclers Shooed . | . . . . . . . . . . . . . Parts Field Recycled . | . . . . . . . . . . . . . Retrieved Matter . | . . . . . . . . . . . . . Parts Self-Destructed . | . . . . . . . . . . . . . Prevented . | . . . . . . . . . . . . . Kills | -11 -10 -9 -9 -8 -7 -7 -6 -6 -6 -5 -5 -4 ------- Run | Yrd Mat Mat Min Mat Fac DSF Fac Ext Cet Fac DSF Fac Combat Hostiles Destroyed 29 | . . 4 3 18 . . . . . . . 4 Guns 29 | . . 4 3 18 . . . . . . . 4 Classes Destroyed 6 | . . 2 . 3 . . . . . . . 1 Worker 3 | . . . . 2 . . . . . . . 1 Builder 1 | . . . . 1 . . . . . . . . Swarmer 6 | . . . . 4 . . . . . . . 2 Grunt 15 | . . 3 3 8 . . . . . . . 1 Sentry 7 | . . 1 . 6 . . . . . . . . Programmer 1 | . . . . . . . . . . . . 1 Best Kill Streak 6 | . . 3 3 6 . . . . . . . 3 Combat Bots Only 4 | . . 3 3 4 . . . . . . . 2 Max Kills in Single Turn 2 | . . 1 1 2 . . . . . . . 1 Gunslinging . | . . . . . . . . . . . . . Exploded . | . . . . . . . . . . . . . Melee . | . . . . . . . . . . . . . Uniques/NPCs Destroyed . | . . . . . . . . . . . . . Combat | -11 -10 -9 -9 -8 -7 -7 -6 -6 -6 -5 -5 -4 -------- Run | Yrd Mat Mat Min Mat Fac DSF Fac Ext Cet Fac DSF Fac Hostile Shots Fired 538 | . . 39 17 151 . . 68 78 25 . 11 149 Missed 202 | . . 10 11 38 . . 33 33 4 . 6 67 Damage Taken 4435 | . . 268 52 1303 . . 306 512 453 . 51 1490 Core 2483 | . . 84 8 399 . . 148 508 148 . 33 1155 Absorbed by Shields . | . . . . . . . . . . . . . Ignored by Resistances 1275 | . . 81 17 379 . . 92 155 120 . 15 416 Core Remaining (%) 72 | 100 100 . 77 27 . 100 . . 5 . 96 . Volleys Fired 151 | . . 30 21 68 . . . . . . . 32 Largest 2 | . . 1 1 2 . . . . . . . 1 Hottest 79 | . . 40 20 79 . . . . . . . 23 Shots Fired 181 | . . 30 21 98 . . . . . . . 32 Gun 181 | . . 30 21 98 . . . . . . . 32 Cannon . | . . . . . . . . . . . . . Launcher . | . . . . . . . . . . . . . Special . | . . . . . . . . . . . . . Kinetic 83 | . . . 21 30 . . . . . . . 32 Thermal 98 | . . 30 . 68 . . . . . . . . Explosive . | . . . . . . . . . . . . . Electromagnetic . | . . . . . . . . . . . . . Robot Hit Streak 29 | . . 14 14 29 . . . . . . . 10 Robot Miss Streak 2 | . . 1 2 2 . . . . . . . 2 Penetration Max . | . . . . . . . . . . . . . Secondary Targets . | . . . . . . . . . . . . . Shots Hit Robots 159 | . . 27 19 86 . . 2 . . . . 25 Core Hits 71 | . . 9 9 41 . . . . . . . 12 Critical Kills . | . . . . . . . . . . . . . Critical Parts Destroyed . | . . . . . . . . . . . . . Critical Strikes 7 | . . . . 7 . . . . . . . . Burn 7 | . . . . 7 . . . . . . . . Melee Attacks 2 | . . . . . . . 2 . . . . . Impact . | . . . . . . . . . . . . . Slashing . | . . . . . . . . . . . . . Piercing . | . . . . . . . . . . . . . Sneak Attacks 2 | . . . . . . . 2 . . . . . Combat Hostiles . | . . . . . . . . . . . . . Follow-up Attacks . | . . . . . . . . . . . . . Damage Inflicted 2270 | . . 300 151 1387 . . 5 . . . . 427 Guns 2265 | . . 300 151 1387 . . . . . . . 427 Cannons . | . . . . . . . . . . . . . Explosions . | . . . . . . . . . . . . . Melee . | . . . . . . . . . . . . . Ramming 5 | . . . . . . . 5 . . . . . Kinetic 1011 | . . . 151 433 . . . . . . . 427 Thermal 1254 | . . 300 . 954 . . . . . . . . Explosive . | . . . . . . . . . . . . . Electromagnetic . | . . . . . . . . . . . . . Impact . | . . . . . . . . . . . . . Slashing . | . . . . . . . . . . . . . Piercing . | . . . . . . . . . . . . . Highest Corruption 3 | . . . . . . . . . . . . 3 Average Corruption 2 | . . . . . . . . . . . . 2 Corruption Purged . | . . . . . . . . . . . . . Corruption Blocked . | . . . . . . . . . . . . . Effects 3 | . . . . . . . . . . . . 3 Message Errors 2 | . . . . . . . . . . . . 2 Energy Discharges 1 | . . . . . . . . . . . . 1 Overload Shots . | . . . . . . . . . . . . . Overflow Damage . | . . . . . . . . . . . . . Projectiles . | . . . . . . . . . . . . . Explosions . | . . . . . . . . . . . . . Melee . | . . . . . . . . . . . . . Knockbacks . | . . . . . . . . . . . . . Impact . | . . . . . . . . . . . . . Kinetic . | . . . . . . . . . . . . . Secondary . | . . . . . . . . . . . . . Self-Inflicted Damage 2 | . . . . . . . 2 . . . . . Shots . | . . . . . . . . . . . . . Rammed 1 | . . . . . . . 1 . . . . . Targets Rammed 1 | . . . . . . . 1 . . . . . Kicked . | . . . . . . . . . . . . . Crushed . | . . . . . . . . . . . . . Highest Temperature 255 | . . 121 23 255 . . 23 9 32 . 5 43 Average Temperature 46 | . . 68 10 65 . . 10 9 15 . 5 17 Received Heat Transfer 1828 | . . 189 39 945 . . 129 156 54 . 30 286 Effects 3 | . . . . 3 . . . . . . . . Interference 3 | . . . . 3 . . . . . . . . Siege Activations . | . . . . . . . . . . . . . Robots Corrupted . | . . . . . . . . . . . . . Combat Hostiles . | . . . . . . . . . . . . . Parts Fried . | . . . . . . . . . . . . . Impact Corruptions . | . . . . . . . . . . . . . Robots Melted . | . . . . . . . . . . . . . Combat Hostiles . | . . . . . . . . . . . . . Parts Melted 16 | . . 2 . 14 . . . . . . . . Heat Transferred 3462 | . . 650 . 2812 . . . . . . . . Parts Sabotaged . | . . . . . . . . . . . . . Parts Stolen . | . . . . . . . . . . . . . Parts Stripped . | . . . . . . . . . . . . . Power Chain Reactions 1 | . . . . . . . . . . . . 1 Alert | -11 -10 -9 -9 -8 -7 -7 -6 -6 -6 -5 -5 -4 ------- Run | Yrd Mat Mat Min Mat Fac DSF Fac Ext Cet Fac DSF Fac Peak Influence 498 | . 4 142 103 396 155 95 56 63 84 35 20 498 Initial 152 | . . 1 43 33 152 95 42 18 24 35 20 9 Average 124 | . 2 69 56 198 152 95 47 43 54 34 20 254 Maximum Alert Level 2 | . . . . 1 . . . . . . . 2 Low Security (%) 81 | 100 100 100 100 51 100 100 100 100 100 100 100 48 Level 1 12 | . . . . 48 . . . . . . . 15 Level 2 6 | . . . . . . . . . . . . 36 Level 3 . | . . . . . . . . . . . . . Level 4 . | . . . . . . . . . . . . . Level 5 . | . . . . . . . . . . . . . High Security . | . . . . . . . . . . . . . Max Security . | . . . . . . . . . . . . . Squads Dispatched 19 | . . . . 8 2 . 1 . . 1 . 7 Investigation 9 | . . . . 2 1 . 1 . . 1 . 4 Extermination 2 | . . . . . 1 . . . . . . 1 Reinforcement 5 | . . . . 3 . . . . . . . 2 Assault . | . . . . . . . . . . . . . Garrison 3 | . . . . 3 . . . . . . . . Intercept . | . . . . . . . . . . . . . Searches Triggered . | . . . . . . . . . . . . . Construction Impeded . | . . . . . . . . . . . . . Haulers Reinforced . | . . . . . . . . . . . . . Active Scanning Responses . | . . . . . . . . . . . . . Cargo Convoy Interrupts . | . . . . . . . . . . . . . Stealth | -11 -10 -9 -9 -8 -7 -7 -6 -6 -6 -5 -5 -4 --------- Run | Yrd Mat Mat Min Mat Fac DSF Fac Ext Cet Fac DSF Fac Distress Signals 8 | . . 2 . 1 . . . . . . . 5 Communications Jammed . | . . . . . . . . . . . . . Distress Signals . | . . . . . . . . . . . . . Times Spotted 115 | . . 16 3 43 . . 7 4 4 . 2 36 Peak Tracking Total 15 | . . 7 3 9 . . 7 4 5 . 2 15 Tactical Retreats 10 | . . . . 3 . . 1 . . . . 6 Traps | -11 -10 -9 -9 -8 -7 -7 -6 -6 -6 -5 -5 -4 ------- Run | Yrd Mat Mat Min Mat Fac DSF Fac Ext Cet Fac DSF Fac Traps Triggered 1 | . . . . . . . . . . . . 1 Indirectly . | . . . . . . . . . . . . . Trap Hack Attempts 3 | . . . . . . . 3 . . . . . Triggered . | . . . . . . . . . . . . . Disarmed 1 | . . . . . . . 1 . . . . . Reprogrammed . | . . . . . . . . . . . . . Reused . | . . . . . . . . . . . . . Traps Extracted . | . . . . . . . . . . . . . Installed . | . . . . . . . . . . . . . Triggered . | . . . . . . . . . . . . . Most Traps Carried 1 | . . . . . . . . . . . . 1 Machines | -11 -10 -9 -9 -8 -7 -7 -6 -6 -6 -5 -5 -4 ---------- Run | Yrd Mat Mat Min Mat Fac DSF Fac Ext Cet Fac DSF Fac Machines Disabled . | . . . . . . . . . . . . . Max in Single Turn . | . . . . . . . . . . . . . Machines Repaired . | . . . . . . . . . . . . . Machines Dismantled . | . . . . . . . . . . . . . Machines Sabotaged . | . . . . . . . . . . . . . Overloaded Fab Kills . | . . . . . . . . . . . . . Hacking | -11 -10 -9 -9 -8 -7 -7 -6 -6 -6 -5 -5 -4 --------- Run | Yrd Mat Mat Min Mat Fac DSF Fac Ext Cet Fac DSF Fac Machines Accessed 29 | . 1 2 . 5 4 . 5 . . 2 . 10 Terminals 24 | . 1 2 . 3 3 . 5 . . 2 . 8 Fabricators 1 | . . . . . . . . . . . . 1 Repair Stations 1 | . . . . 1 . . . . . . . . Recycling Units . | . . . . . . . . . . . . . Scanalyzers 1 | . . . . . 1 . . . . . . . Garrison Access 2 | . . . . 1 . . . . . . . 1 Total Hacks 80 | . 2 4 . 17 8 . 17 . . 5 . 27 Successful 30 | . 1 1 . 6 3 . 10 . . 1 . 8 Failed 50 | . 1 3 . 11 5 . 7 . . 4 . 19 Catastrophic 8 | . . 2 . 1 1 . . . . 1 . 3 Database Lockouts . | . . . . . . . . . . . . . Manual 46 | . . 2 . 7 . . 13 . . 3 . 21 Terminals 68 | . 2 4 . 12 5 . 17 . . 5 . 23 Fabricators 1 | . . . . . . . . . . . . 1 Repair Stations 1 | . . . . 1 . . . . . . . . Recycling Units . | . . . . . . . . . . . . . Scanalyzers 3 | . . . . . 3 . . . . . . . Garrison Access 7 | . . . . 4 . . . . . . . 3 Terminal Hacks 20 | . 1 1 . 4 2 . 6 . . 1 . 5 Robot Analysis 2 | . . . . . . . 2 . . . . . Prototype ID Bank 1 | . . . . 1 . . . . . . . . Open Door 1 | . . . . . . . 1 . . . . . Open DSF 4 | . . . . . 1 . 1 . . 1 . 1 Level Access Points 2 | . . . . 1 . . . . . . . 1 Branch Access Points 5 | . . 1 . 1 . . 1 . . . . 2 Terminal Index 1 | . 1 . . . . . . . . . . . Alert Level 1 | . . . . . 1 . . . . . . . Unreport Threat 1 | . . . . 1 . . . . . . . . Zone Layout 2 | . . . . . . . 1 . . . . 1 Fabricator Hacks . | . . . . . . . . . . . . . Repair Station Hacks 1 | . . . . 1 . . . . . . . . Refit 1 | . . . . 1 . . . . . . . . Recycling Unit Hacks . | . . . . . . . . . . . . . Scanalyzer 1 | . . . . . 1 . . . . . . . Insert Component 1 | . . . . . 1 . . . . . . . Garrison Access Hacks . | . . . . . . . . . . . . . Unauthorized Hacks 8 | . . . . 1 . . 4 . . . . 3 Terminals 7 | . . . . 1 . . 4 . . . . 2 Botnet 6 | . . . . 1 . . 3 . . . . 2 Disrupt 1 | . . . . . . . 1 . . . . . Fabricators 1 | . . . . . . . . . . . . 1 Overload 1 | . . . . . . . . . . . . 1 Repair Stations . | . . . . . . . . . . . . . Recycling Units . | . . . . . . . . . . . . . Scanalyzers . | . . . . . . . . . . . . . Garrison Access . | . . . . . . . . . . . . . Data Cores Recovered . | . . . . . . . . . . . . . Used . | . . . . . . . . . . . . . Hacking Detections 23 | . 1 2 . 4 3 . 3 . . 2 . 8 Full Trace Events 8 | . . . . 2 1 . 1 . . 1 . 3 Feedback Events . | . . . . . . . . . . . . . Feedback Blocked . | . . . . . . . . . . . . . Robot Schematics Acquired . | . . . . . . . . . . . . . Robots Built . | . . . . . . . . . . . . . Authchips . | . . . . . . . . . . . . . Time . | . . . . . . . . . . . . . Total Robot Build Rating . | . . . . . . . . . . . . . Part Schematics Acquired . | . . . . . . . . . . . . . Parts Built . | . . . . . . . . . . . . . Authchips . | . . . . . . . . . . . . . Time . | . . . . . . . . . . . . . Total Part Build Rating . | . . . . . . . . . . . . . Parts Repaired . | . . . . . . . . . . . . . Time . | . . . . . . . . . . . . . Parts Recycled . | . . . . . . . . . . . . . Recycled Matter . | . . . . . . . . . . . . . Retrieved Matter . | . . . . . . . . . . . . . Retrieved Components . | . . . . . . . . . . . . . Parts Scanalyzed 1 | . . . . . 1 . . . . . . . Part Schematics Acquired . | . . . . . . . . . . . . . Parts Damaged 1 | . . . . . 1 . . . . . . . Bothacking | -11 -10 -9 -9 -8 -7 -7 -6 -6 -6 -5 -5 -4 ------------ Run | Yrd Mat Mat Min Mat Fac DSF Fac Ext Cet Fac DSF Fac Used RIF Installer . | . . . . . . . . . . . . . Robots Hacked 13 | . . 3 . 4 1 . 3 . . 1 . 1 Non-combat 7 | . . 1 . 1 1 . 3 . . 1 . . Combat 6 | . . 2 . 3 . . . . . . . 1 Robot Hacks Applied 18 | . . 3 . 8 1 . 3 . . 1 . 2 parse_system 1 | . . . . . . . 1 . . . . . find_chute 3 | . . . . . 1 . 1 . . 1 . . locate_stockpiles 1 | . . 1 . . . . . . . . . . find_terminals 1 | . . . . . . . 1 . . . . . map_route 1 | . . . . 1 . . . . . . . . mark_security 1 | . . . . 1 . . . . . . . . find_shortcuts 6 | . . 2 . 3 . . . . . . . 1 find_garrison 4 | . . . . 3 . . . . . . . 1 Relay Couplers Released . | . . . . . . . . . . . . . Fabnet Peak Effective % . | . . . . . . . . . . . . . Robots Rewired . | . . . . . . . . . . . . . Allies Hacked . | . . . . . . . . . . . . . Hacks Repelled . | . . . . . . . . . . . . . Allies | -11 -10 -9 -9 -8 -7 -7 -6 -6 -6 -5 -5 -4 -------- Run | Yrd Mat Mat Min Mat Fac DSF Fac Ext Cet Fac DSF Fac Total Allies . | . . . . . . . . . . . . . Largest Group . | . . . . . . . . . . . . . Highest-Rated Group . | . . . . . . . . . . . . . Highest-Rated Ally . | . . . . . . . . . . . . . Total Orders . | . . . . . . . . . . . . . Ally Attacks . | . . . . . . . . . . . . . Total Damage . | . . . . . . . . . . . . . Kills . | . . . . . . . . . . . . . Allies Corrupted . | . . . . . . . . . . . . . Allies Melted . | . . . . . . . . . . . . . Intel | -11 -10 -9 -9 -8 -7 -7 -6 -6 -6 -5 -5 -4 ------- Run | Yrd Mat Mat Min Mat Fac DSF Fac Ext Cet Fac DSF Fac Robot Analysis Total 12 | 1 . 3 1 3 . . 3 1 . . . . Derelict Logs Recovered . | . . . . . . . . . . . . . Drone Launches . | . . . . . . . . . . . . . Drone Recoveries . | . . . . . . . . . . . . . Exploration | -11 -10 -9 -9 -8 -7 -7 -6 -6 -6 -5 -5 -4 ------------- Run | Yrd Mat Mat Min Mat Fac DSF Fac Ext Cet Fac DSF Fac Turns Passed 2360 | 36 102 173 99 494 281 35 208 172 90 228 45 397 Spaces Moved 2428 | 40 99 110 89 314 300 42 299 198 57 166 53 661 Core 751 | 11 . 14 16 19 20 . 59 131 . . . 481 Treads 235 | . . 13 . 40 . . . 67 57 58 . . Legs 212 | . . 19 . 84 109 . . . . . . . Wheels 812 | 29 99 41 3 131 171 42 75 . . 108 53 60 Hover 205 | . . . . 40 . . 165 . . . . . Flight 213 | . . 23 70 . . . . . . . . 120 Fastest Speed 32 | 50 100 37 40 50 50 80 50 50 160 80 80 32 Average Speed 77 | 86 100 91 52 96 92 80 60 87 160 107 80 49 Slowest Speed 160 | 100 100 160 100 160 120 80 80 160 160 160 80 80 Overloaded Moves . | . . . . . . . . . . . . . Propulsion Burnouts . | . . . . . . . . . . . . . Robots Hopped 6 | . . 2 1 . . . . . . . . 3 Cave-ins Triggered . | . . . . . . . . . . . . . Exploration Rate (%) 25 | 3 27 19 9 35 10 45 7 48 23 5 76 29 Regions Visited 12 Branch Regions 3 Pre-discovered Areas . | . . . . . . . . . . . . . Known Exits Taken 5 | . . 1 . 1 1 . 1 . . 1 . . Unknown Exits Taken 5 | 1 1 . 1 . . . . 1 1 . . . Scrap Searched . | . . . . . . . . . . . . . Spaces Dug . | . . . . . . . . . . . . . Terrain Destroyed . | . . . . . . . . . . . . . Melee . | . . . . . . . . . . . . . Projectile . | . . . . . . . . . . . . . AOE . | . . . . . . . . . . . . . Terrain Rammed . | . . . . . . . . . . . . . Walls Destroyed . | . . . . . . . . . . . . . Machines Disabled . | . . . . . . . . . . . . . Actions | -11 -10 -9 -9 -8 -7 -7 -6 -6 -6 -5 -5 -4 --------- Run | Yrd Mat Mat Min Mat Fac DSF Fac Ext Cet Fac DSF Fac Total 2717 | 41 102 150 123 408 303 43 323 197 56 214 55 702 Wait 135 | . 2 12 15 27 . . 19 . . 48 . 12 Move 2404 | 39 98 105 86 313 299 41 298 197 56 165 52 655 Hop 6 | . . 2 1 . . . . . . . . 3 Pick Up 11 | 2 2 . . . 3 1 . . . 1 2 . Fast Attach . | . . . . . . . . . . . . . Attach . | . . . . . . . . . . . . . Detach . | . . . . . . . . . . . . . Swap . | . . . . . . . . . . . . . Drop 3 | . . . . . 1 1 . . . . 1 . Fire 151 | . . 30 21 68 . . . . . . . 32 Melee 2 | . . . . . . . 2 . . . . . Ram 1 | . . . . . . . 1 . . . . . Kick . | . . . . . . . . . . . . . Crush . | . . . . . . . . . . . . . Escape Stasis . | . . . . . . . . . . . . . Rewire 1 | . . 1 . . . . . . . . . . Trap 3 | . . . . . . . 3 . . . . . Miscellaneous . | . . . . . . . . . . . . . Route ------- -11/Scrapyard -10/Materials -9/Materials -9/Mines -8/Materials (discovered 3 exits: *Fac x3) -7/Factory -7/DSF -6/Factory (discovered 4 exits: Low x2 / *Ext x2) -6/Extension (discovered 2 exits: *Fac / [*Cet]) -6/Cetus -5/Factory -5/DSF -4/Factory (discovered 7 exits: Res x4 / Upp x2 / Arm) History --------- Turn | Location | Event 3 | -11/Scrapyard | Discovered new exit (range 15) 37 | -11/Scrapyard | Entered Materials 120 | -10/Materials | Discovered new exit (range 4) 139 | -10/Materials | Entered another Materials area 146 | -9/Materials | Identified exit to Mines 312 | -9/Materials | Entered Mines 315 | -9/Mines | Discovered new exit (range 14) 361 | -9/Mines | Met a Derelict bent on vengeance 411 | -9/Mines | Entered Materials 651 | -8/Materials | Garrison activated, responded to threat 742 | -8/Materials | Lost 3 parts (2u1w) 769 | -8/Materials | Core integrity fell below 50% 851 | -8/Materials | Identified exit to Factory 905 | -8/Materials | Entered Factory 1139 | -7/Factory | Identified exit to DSF 1186 | -7/Factory | Entered DSF 1209 | -7/DSF | Discovered new exit (range 14) 1221 | -7/DSF | Entered Factory 1284 | -6/Factory | Identified exit to Lower Caves 1284 | -6/Factory | Identified exit to Extension 1426 | -6/Factory | Lost 4 parts (1p2n1w) 1429 | -6/Factory | Entered Extension 1471 | -6/Extension | Spotted B-75 Beast 1475 | -6/Extension | Spotted B-75 Beast 1483 | -6/Extension | Core integrity fell below 50% 1580 | -6/Extension | Discovered new exit (range 13) 1581 | -6/Extension | Discovered new exit (range 13) 1601 | -6/Extension | Entered Cetus 1629 | -6/Cetus | Spotted Cetus Guard 1629 | -6/Cetus | Spotted Cetus Guard 1629 | -6/Cetus | Spotted Cetus Guard 1629 | -6/Cetus | Spotted Cetus Guard 1654 | -6/Cetus | Core integrity fell below 20% 1670 | -6/Cetus | Discovered new exit (range 13) 1691 | -6/Cetus | Entered Factory 1918 | -5/Factory | Identified exit to DSF 1919 | -5/Factory | Entered DSF 1952 | -5/DSF | Discovered new exit (range 14) 1964 | -5/DSF | Entered Factory 1987 | -4/Factory | Identified exit to Upper Caves 1987 | -4/Factory | Identified exit to Armory 2000 | -4/Factory | Spotted B-86 Titan 2043 | -4/Factory | Lost 3 parts (1p1n1u) 2137 | -4/Factory | Spotted B-86 Titan 2141 | -4/Factory | Core integrity fell below 50% 2213 | -4/Factory | Core integrity fell below 20% 2255 | -4/Factory | Identified exit to Research 2341 | -4/Factory | Lost 4 parts (1p2n1w) 2361 | -4/Factory | Destroyed by H-71 Marshal with Heavy Mass Driver Last Messages --------------- 02279_ Critical hit (Burn: +37). 02285_ R-10 Processor collects Hpw. Shock Rifle. 02288_ R-10 Processor collects Antigrav System. 02304_ Lgt. Nuclear Core destroyed. 02304_ VTOL Module destroyed. 02304_ G-67 Veteran destroyed. 02306_ R-10 Processor collects Lgt. Antimatter Reactor. 02307_ U-05 Engineer destroyed. 02310_ VTOL Module destroyed. 02310_ Autogun destroyed. 02310_ Lost control of S-27 Virus. 02311_ R-10 Processor collects Field Laser. 02322_ Acquired 34 Protomatter. 02327_ UN8%X29QGFKKAC=/X&P>HQBRRO6UIQAREUQ9WTUQ 02349_ ALERT: Security rotation in progress. 02350_ ALERT: Suspicious intruders detected, dispatching Cutter reinforcements to area. 02354_ Connecting with Terminal... 02354_ ALERT: Suspicious activity at Terminal F006. Dispatching Investigation squad. Map ----- +----------------------------------------------------+ | # = # #####+####?????# #????????????? | | #+#######+#### #?????# #????????????? | | # #???# # "T" #?????# #????????????? | | # #???# # #?????# #????????????? | | # #???# # #?????# #????????????? | | # #???# # [ #?????# #????????????? | | ##### #???# # #?????# #????????????? | | #???# ########????## ##???????????? | | #???########???????????# #???????????? | | ##################????????# #???????????? | | # #????????# ###?????????? | | # #????????# """ #?????????? | | # #????????# """ #?????????? | | # """ """ """ #????????# """ #?????????? | | ?????????????????????????????# "" #?????????? | | ?????????????????????????????# "" #?????????? | | ?????????????????????????????# #?????????? | | ?????????????????????????????# = ] #?????????? | | ?????????????????????????????# #?????????? | | ?????????????????????????????# #?????????? | | ????????????##########+####??# #???????#?? | | ??????????? ######## #### #?? | | ??????????? #?# | | ?????????? ### | | ?????????? H | | ?????????? % @###+############# | | ??????????????##+#### # ! T #?? ? | | ????????????????????# # """"" #????? ?? | | ????????????????????# k # """"" #???????? | | ??????????????